 Dungeon Crawl Stone Soup version 0.22.0-60-ga52c2fcf6e (webtiles) character file.

577 4FPSwarrior the Ruffian (level 7, -4/55 HPs)
             Began as a Purple Draconian Transmuter on Sept 9, 2018.
             Slain by Prince Ribbit the unseen horror (10 damage)
             ... on level 5 of the Dungeon.
             The game lasted 00:21:10 (5130 turns).

4FPSwarrior the Ruffian (DrTm)                      Turns: 5130, Time: 00:21:10

Health: -4/55      AC:  8    Str: 14    XL:     7   Next: 13%
Magic:  10/10      EV: 12    Int: 13    God:
Gold:   269        SH:  0    Dex: 12    Spells: 3/10 levels left

rFire    . . .     SeeInvis .     - Unarmed
rCold    . . .     Gourm    .   (no shield)
rNeg     . . .     Faith    .   (armour unavailable)
rPois    .         Spirit   .   (helmet restricted)
rElec    .         Reflect  .   h - +1 cloak
rCorr    .         Harm     .   (no gloves)
MR       +....                  (no boots)
Stlth    +.........             (no amulet)
HPRegen  0.18/turn              (no ring)
MPRegen  0.12/turn              (no ring)

@: about to teleport, very slightly contaminated
A: breathe power, unfitting armour, cold-blooded, AC +6
a: Breathe Dispelling Energy


You were on level 5 of the Dungeon.
You were not hungry.

You visited 1 branch of the dungeon, and saw 5 of its levels.

You collected 269 gold pieces.

Inventory:

Missiles
 a - 16 arrows
 e - 196 stones (quivered)
Armour
 h - a +1 cloak (worn)
Jewellery
 k - a +3 ring of protection {unknown}
Wands
 x - a wand of polymorph (12)
Scrolls
 b - a scroll of fog {unknown}
 f - a scroll of immolation
 g - 2 scrolls of enchant armour
 i - 2 scrolls of remove curse
 n - a scroll of noise {unknown}
 q - a scroll of identify
 w - a scroll of silence {unknown}
Potions
 l - a potion of mutation {unknown}
 m - 3 potions of curing
 o - a potion of cancellation {unknown}
 p - a potion of might
 r - a potion of degeneration {unknown}
 s - 2 potions of brilliance {unknown}
 u - a potion of flight {unknown}
 v - a potion of heal wounds {unknown}
Comestibles
 c - 4 rations
 t - a chunk of flesh


   Skills:
 + Level 2.0 Fighting
 - Level 1.7 Dodging
 + Level 6.6 Unarmed Combat
 - Level 2.4 Spellcasting
 + Level 4.6 Transmutations
 + Level 1.2 Ice Magic


You had 3 spell levels left.
You knew the following spells:

 Your Spells              Type           Power        Failure   Level  Hunger
a - Beastly Appendage     Tmut           ##....       3%          1    #......
b - Sticks to Snakes      Tmut           ##......     5%          2    ###....
c - Ice Form              Ice/Tmut       #.......     58%         4    #####..

Your spell library contained the following spells:

 Spells                   Type           Power        Failure   Level  Hunger
 Spider Form              Tmut/Pois      #.........   28%         3    ###....
 Blade Hands              Tmut           ##........   69%         5    ######.


Dungeon Overview and Level Annotations

Branches:
Dungeon (5/15)
 Temple: D:4-7

Altars:
Dithmenos

Annotations:
D:3 3 runed doors, Arth's ghost, amateur DsGl; BushDid911's ghost, amateur HaSk; JedernureinKreuz's ghost, amateur GnCj
D:5 Prince Ribbit


Innate Abilities, Weirdness & Mutations

You can breathe bolts of dispelling energy.
Your rich purple scales are hard. (AC +6)
You cannot fit into any form of body armour.
You are cold-blooded and may be slowed by cold attacks.


Message History

As you read the scroll of blinking, it crumbles to dust.
Something barely misses you. Something hits you but does no damage.
As you read the scroll labeled GAPEPA VO CEAR, it crumbles to dust.
The creatures around you are filled with an inner flame!
It was a scroll of immolation.
Something hits you!
As you read the scroll labeled ALEVIE MAENECSOLOT, it crumbles to dust.
You feel strangely unstable.
It was a scroll of teleportation.
Something hits you.
* * * LOW HITPOINT WARNING * * *
Something hits you but does no damage.
Your surroundings seem slightly different.
Something hits you.
* * * LOW HITPOINT WARNING * * *
As you read the scroll of teleportation, it crumbles to dust.
You feel strangely unstable. Something hits you but does no damage.
Something hits you.
* * * LOW HITPOINT WARNING * * *
Something hits you!
You die...

#....................
#..#........[...........
#....##.................
#...# ###...............
.....######............<
.##.....#####..........)
#..................#
#...................
#.@................
#..................
##.........########
##...........### #
##..............## # ...
##................# #
#..#
##...##..........รท.###
#..#
##...####......##......
#... #...##
#########......


There were no monsters in sight!

Vanquished Creatures
  Blork the orc (D:5)
  A howler monkey (D:5)
  2 crimson imps (D:5)
  A centaur zombie (D:5)
  A hound (D:4)
  Natasha (D:2)
  An iguana (D:5)
  A worker ant (D:5)
  Robin (D:2)
  8 adders (D:2)
  A gnoll (D:2)
  2 shadow imps
  2 oozes
  An adder skeleton (D:4)
  2 worms
  2 dart slugs (D:1)
  3 leopard geckos
  9 orcs
  4 ball pythons
  7 giant cockroaches
  12 goblins
  8 hobgoblins
  6 jackals
  11 kobolds
  8 bats
  5 frilled lizards
  5 rats
106 creatures vanquished.

Vanquished Creatures (collateral kills)
  A scorpion (D:5)
  A hound (D:5)
  An adder (D:4)
  An orc (D:5)
  A goblin (D:2)
5 creatures vanquished.

Vanquished Creatures (others)
  A withered plant (D:3)
1 creature vanquished.

Grand Total: 112 creatures vanquished

Notes
Turn   | Place    | Note
-------+----------+-------------------------------------------
     0 | D:1      | 4FPSwarrior the Draconian Transmuter began the quest for
                  | the Orb.
     0 | D:1      | Reached XP level 1. HP: 16/16 MP: 3/3
   202 | D:1      | Reached XP level 2. HP: 23/23 MP: 3/5
   598 | D:1      | Reached XP level 3. HP: 20/28 MP: 4/6
  1029 | D:2      | Learned a level 2 spell: Sticks to Snakes
  1101 | D:2      | Reached skill level 4 in Unarmed Combat
  1199 | D:2      | Noticed Robin
  1208 | D:2      | Killed Robin
  1218 | D:2      | Reached XP level 4. HP: 29/35 MP: 4/7
  1343 | D:2      | Found a faded altar of an unknown god.
  1816 | D:2      | Noticed Natasha
  1859 | D:2      | Killed Natasha
  1859 | D:2      | Reached skill level 5 in Unarmed Combat
  1859 | D:2      | Reached XP level 5. HP: 4/40 MP: 8/8
  2765 | D:3      | Found a runed gate.
  2765 | D:3      | Found a runed gate.
  2765 | D:3      | Found a runed gate.
  2780 | D:3      | Noticed JedernureinKreuz's ghost (amateur GnCj)
  2781 | D:3      | Noticed Arth's ghost (amateur DsGl)
  2781 | D:3      | Noticed BushDid911's ghost (amateur HaSk)
  4012 | D:4      | Reached XP level 6. HP: 38/47 MP: 7/9
  4105 | D:4      | Found a shadowy altar of Dithmenos.
  4298 | D:5      | Entered Level 5 of the Dungeon
  4305 | D:5      | Reached skill level 6 in Unarmed Combat
  4553 | D:5      | Noticed Blork the orc
  4563 | D:5      | Killed Blork the orc
  4587 | D:5      | Learned a level 4 spell: Ice Form
  4810 | D:5      | Reached skill level 1 in Ice Magic
  4810 | D:5      | Your scales start taking on a rich purple colour.
  4810 | D:5      | Reached XP level 7. HP: 31/53 MP: 5/10
  5110 | D:5      | Noticed Prince Ribbit
  5112 | D:5      | Prince Ribbit changed into something unseen
  5130 | D:5      | Slain by Prince Ribbit the unseen horror

Skill      XL: |  1  2  3  4  5  6  7 |
---------------+----------------------+-----
Unarmed Combat | 4 5 6 |  6.6
Transmutations | 3 4 |  4.6
Ice Magic      | 1 |  1.2
Fighting       | 2 |  2.0
Dodging        | |  1.7
Spellcasting   | |  2.4

Action                   |  1- 3 |  4- 6 |  7- 9 || total
-------------------------+-------+-------+-------++-------
Melee: Unarmed           |   107 |   238 |    17 ||   362
       Tailslap          |    12 |    22 |     2 ||    36
       Kick              |     5 |    24 |       ||    29
       Headbutt          |     3 |    16 |     1 ||    20
       Punch             |     2 |     6 |       ||     8
Throw: Stone             |     4 |     8 |       ||    12
 Cast: Beastly Appendage |    20 |    34 |     3 ||    57
       Sticks to Snakes  |     3 |    16 |     4 ||    23
 Abil: Breathe Dispellin |       |       |     1 ||     1
Evoke: Wand              |       |       |     1 ||     1
  Use: Potion            |       |     2 |       ||     2
       Scroll            |       |     4 |     4 ||     8
 Stab: Sleeping          |       |     1 |       ||     1
       Distracted        |       |     1 |       ||     1
  Eat: Chunk             |     2 |    14 |     1 ||    17
Armor: Skin              |    42 |    64 |    10 ||   116
Dodge: Dodged            |    74 |   136 |     4 ||   214
